Map: 썬더버드 - 래더

Players

TSGSolar (Solar) - Winner!

  • Race: Zerg Zerg
  • League: Diamond
  • Spawn Location: 11:00

soO

  • Race: Zerg Zerg
  • League: Master
  • Spawn Location: 5:00

Event: 2019 Assembly Summer

VOD

Have the link to the VOD?

Description

Time

  • Played on: Aug. 2, 2019, 6:06 a.m.
  • Length: 12:35

All games in this series

Show
View Real Time Build Order
Export as new Build Order

TSGSolar Zerg - Winner!

Build Orders: Hatch First 

Get SALT Encoding   

  12  0:01  Drone  
  13  0:12  Overlord  
  13  0:16  Drone  
  14  0:30  Drone x2  
  16  0:47  Hatchery  
  15  0:51  Drone  
  15  0:54  Drone  
  17  0:57  Drone  
  18  1:08  Extractor  
  17  1:13  Spawning Pool  
  17  1:15  Drone  
  17  1:18  Drone  
  18  1:29  Drone  
  19  1:40  Drone  
  20  1:49  Overlord  
  20  1:59  Queen  
  20  2:00  Queen  
  20  2:01  Zergling x2  
  25  2:02  Drone  
  26  2:09  Metabolic Boost  
  26  2:11  Drone x2  
  28  2:21  Drone x2  
  30  2:34  Hatchery  
  30  2:36  Drone  
  30  2:38  Drone  
  31  2:45  Drone  
  32  2:53  Overlord  
  32  2:55  Drone x2, Baneling Nest  
  33  3:05  Drone x2  
  33  3:07  Zergling x2  
  37  3:12  Drone  
  37  3:13  Drone x3, Evolution Chamber  
  37  3:16  Drone  
  40  3:21  Overlord  
  40  3:23  Zergling x2  
  40  3:26  Drone  
  42  3:33  Drone  
  42  3:41  Drone x7  
  47  3:44  Zerg Missile Weapons Level 1  
  47  3:45  Queen  
  47  3:46  Drone  
  53  3:49  Overlord  
  53  3:51  Drone  
  54  3:57  Drone  
  54  3:58  Drone  
  56  4:02  Roach Warren  
  56  4:03  Drone  
  56  4:05  Extractor  
  56  4:07  Lair, Extractor  
  56  4:08  Drone  
  56  4:09  Drone  
  55  4:11  Drone  
  55  4:12  Drone  
  55  4:15  Overlord  
  55  4:16  Drone  
  58  4:17  Drone  
  58  4:19  Drone  
  58  4:20  Drone  
  58  4:21  Drone  
  58  4:22  Drone  
  63  4:27  Extractor  
  63  4:28  Drone x2, Extractor  
  63  4:31  Pneumatized Carapace  
  63  4:32  Overlord  
  63  4:37  Drone  
  63  4:40  Drone  
  63  4:44  Drone x3  
  63  4:45  Drone x2  
  69  4:46  Drone  
  69  4:50  Overlord  
  70  4:54  Roach  
  70  4:56  Roach  
  70  4:58  Roach x3  
  80  5:01  Overlord  
  80  5:04  Roach  
  80  5:05  Overseer  
  80  5:06  Glial Reconstitution, Extractor  
  81  5:08  Overlord  
  81  5:13  Overseer  
  81  5:18  Roach x3  
  81  5:19  Overlord  
  87  5:25  Roach x4  
  87  5:26  Overlord  
  99  5:28  Roach x2  
  99  5:33  Overlord  
  99  5:37  Drone x3  
  99  5:40  Zerg Missile Weapons Level 2  
  99  5:42  Drone  
  103  5:45  Drone  
  103  5:46  Evolution Chamber  
  103  5:50  Roach x2  
  103  5:51  Roach  
  103  5:53  Hatchery  
  103  5:56  Drone, Overlord  
  109  5:58  Roach x3  
  109  6:02  Overlord  
  115  6:06  Roach x2  
  119  6:15  Roach  
  121  6:19  Zerg Ground Armor Level 1  
  121  6:22  Overlord  
  121  6:23  Drone  
  121  6:24  Roach x8  
  121  6:25  Roach  
  140  6:29  Roach  
  140  6:31  Ravager x3  
  145  6:35  Overlord  
  145  6:36  Overlord  
  145  6:39  Overlord  
  145  6:42  Roach  
  145  6:46  Overlord  
  147  6:49  Overlord  
  147  6:50  Overlord  
  147  6:55  Roach x7  
  147  6:58  Roach  
  149  7:03  Roach x2  
  149  7:06  Roach x2  
  143  7:13  Roach x2  
  145  7:19  Roach  
  147  7:24  Ravager x2  
  147  7:27  Roach x5  
  155  7:30  Roach  
  156  7:37  Ravager  
  156  7:38  Roach x3  
  156  7:40  Roach x2  
  166  7:46  Roach x2  
  166  7:48  Roach x3  
  176  7:55  Roach x2  
  170  8:00  Roach x2  
  169  8:06  Roach x3  
  169  8:07  Roach  
  169  8:08  Roach x3  
  169  8:12  Roach x2  
  171  8:17  Roach x4  
  162  8:22  Roach x2  
  162  8:23  Queen  
  160  8:28  Roach  
  160  8:32  Ravager  
  160  8:33  Roach  
  156  8:36  Queen  
  156  8:37  Spire  
  156  8:40  Roach  
  157  8:42  Queen  
  157  8:45  Roach x2  
  157  8:47  Hatchery  
  150  8:57  Roach x2  
  156  9:05  Roach x2  
  160  9:19  Roach  
  160  9:20  Roach x4  
  166  9:24  Hatchery  
  166  9:28  Overlord  
  166  9:30  Drone x2  
  167  9:33  Overlord  
  167  9:34  Overseer  
  167  9:35  Overlord x2  
  167  9:40  Drone  
  168  9:46  Extractor  
  168  9:49  Mutalisk x5  
  168  9:50  Extractor  
  168  9:52  Mutalisk x3  
  178  9:55  Mutalisk x3  
  188  10:04  Mutalisk  
  188  10:06  Drone x2  
  192  10:10  Ravager  
  192  10:13  Roach x3  
  199  10:17  Ravager  
  200  10:21  Roach  
  200  10:22  Roach  
  200  10:24  Roach x3  
  200  10:25  Roach  
  200  10:27  Roach  
  186  10:31  Roach x5  
  172  10:39  Roach x2  
  157  10:43  Roach x2  
  147  10:50  Roach x2  
  147  10:51  Roach  
  152  10:58  Roach x2  
  152  11:02  Roach x3  
  162  11:07  Ravager  
  162  11:08  Roach, Ravager  
  166  11:12  Roach x2  
  166  11:13  Overlord  
  166  11:15  Roach x3  
  176  11:23  Roach  
  176  11:24  Roach x2  
  184  11:25  Ravager x2  
  184  11:27  Queen  
  184  11:30  Roach  
  184  11:31  Roach x4  
  194  11:41  Roach x3  
  200  12:05  Roach x2  
  200  12:08  Roach x2  
  200  12:10  Roach x2  
  200  12:12  Roach x3  
  200  12:13  Roach x5  
  192  12:16  Roach x4  
  188  12:24  Ravager  
Show
View Real Time Build Order
Export as new Build Order

soO Zerg 

Build Orders: Hatch First, Roach Nydus 

Get SALT Encoding   

  12  0:00  Drone  
  13  0:12  Overlord  
  13  0:16  Drone  
  14  0:30  Drone x2  
  16  0:47  Hatchery  
  15  0:50  Drone  
  15  0:54  Drone  
  17  0:57  Drone  
  18  1:10  Spawning Pool  
  17  1:14  Drone  
  17  1:18  Drone  
  19  1:36  Hatchery  
  19  1:39  Drone  
  19  1:43  Drone  
  20  1:49  Drone  
  21  1:59  Drone, Queen  
  24  2:07  Queen  
  26  2:11  Overlord  
  26  2:15  Drone  
  27  2:17  Drone  
  28  2:29  Zergling x2  
  29  2:30  Drone  
  29  2:33  Drone x2  
  29  2:34  Queen  
  34  2:43  Drone x2  
  36  2:48  Queen  
  36  2:50  Drone  
  39  2:52  Queen  
  39  2:57  Drone  
  42  3:01  Overlord  
  42  3:04  Extractor x2  
  40  3:08  Drone x2  
  40  3:09  Overlord  
  42  3:14  Overlord  
  42  3:20  Drone  
  42  3:21  Drone x4  
  47  3:30  Drone x2  
  47  3:33  Drone  
  50  3:37  Drone  
  50  3:44  Drone x2  
  50  3:45  Drone x2  
  50  3:46  Evolution Chamber  
  50  3:47  Roach Warren  
  52  3:52  Drone x2  
  52  3:53  Drone  
  55  3:57  Lair  
  55  3:59  Drone x2  
  55  4:01  Drone  
  58  4:05  Drone x2  
  58  4:06  Drone  
  58  4:07  Drone  
  62  4:11  Drone x2  
  62  4:15  Extractor x2  
  62  4:16  Zerg Missile Weapons Level 1  
  62  4:18  Drone  
  62  4:22  Overlord  
  63  4:25  Overlord  
  63  4:29  Overlord  
  63  4:32  Drone  
  63  4:33  Drone x2  
  63  4:34  Evolution Chamber  
  63  4:35  Drone  
  66  4:41  Drone x3  
  66  4:42  Drone x2  
  66  4:44  Extractor  
  70  4:48  Roach x4  
  70  4:51  Roach x2  
  82  4:56  Glial Reconstitution  
  82  5:04  Roach x2  
  86  5:07  Overseer  
  86  5:08  Overseer  
  86  5:10  Drone  
  86  5:11  Overlord  
  86  5:12  Overlord  
  86  5:14  Hatchery  
  86  5:15  Roach x2  
  90  5:22  Overlord  
  90  5:26  Overlord  
  90  5:27  Extractor  
  89  5:30  Roach x5  
  99  5:44  Roach x6, Nydus Network  
  99  5:48  Drone  
  111  5:51  Overlord  
  111  5:53  Roach x3  
  111  5:56  Roach x2  
  121  5:58  Overlord  
  121  6:00  Overlord  
  121  6:03  Overlord  
  121  6:09  Overlord  
  121  6:11  Roach x3  
  127  6:14  Zerg Missile Weapons Level 2  
  127  6:20  Nydus Canal  
  127  6:21  Roach x2  
  127  6:23  Roach  
  133  6:26  Roach x2  
  133  6:27  Roach  
  139  6:33  Roach  
  139  6:34  Roach x3  
  149  6:40  Roach x3  
  149  6:45  Ravager  
  154  7:00  Roach x10  
  154  7:01  Roach  
  160  7:06  Roach  
  156  7:10  Roach  
  156  7:11  Roach x3  
  156  7:13  Roach  
  158  7:17  Roach x2  
  158  7:20  Nydus Canal  
  158  7:22  Roach  
  162  7:28  Roach  
  162  7:29  Roach, Overlord  
  166  7:33  Overlord  
  166  7:35  Nydus Canal  
  166  7:37  Roach  
  168  7:53  Nydus Canal  
  168  7:54  Roach x2  
  168  7:55  Roach  
  168  7:57  Roach x5  
  184  7:58  Roach  
  184  7:59  Roach  
  184  8:02  Roach  
  184  8:03  Roach x4  
  178  8:08  Roach x3  
  178  8:10  Roach  
  178  8:12  Roach  
  170  8:13  Roach  
  170  8:16  Roach  
  152  8:20  Roach  
  152  8:23  Roach x2  
  152  8:24  Roach  
  152  8:26  Roach  
  143  8:28  Roach  
  143  8:30  Roach x2  
  143  8:33  Roach  
  143  8:34  Roach  
  131  8:37  Drone, Queen  
  131  8:38  Roach x2, Drone  
  139  8:42  Roach  
  139  8:43  Roach  
  139  8:46  Roach x2  
  139  8:47  Roach  
  135  8:49  Roach x2  
  135  8:55  Roach x3  
  145  8:56  Roach x2  
  145  8:58  Roach  
  145  9:01  Roach  
  153  9:03  Nydus Canal  
  153  9:04  Roach  
  155  9:13  Roach x4  
  155  9:15  Overseer  
  163  9:17  Drone  
  163  9:19  Overlord x2  
  163  9:22  Roach x2  
  168  9:26  Overlord x2  
  168  9:28  Roach  
  168  9:31  Roach  
  172  9:35  Roach x2  
  176  9:39  Roach x2  
  176  9:40  Roach x2  
  184  9:47  Roach x3, Ravager x3  
  184  9:51  Roach x2  
  197  9:57  Nydus Canal  
  197  10:02  Roach  
  199  10:12  Ravager  
  200  10:16  Nydus Canal  
  200  10:26  Hydralisk Den  
  200  10:28  Zerg Ground Armor Level 1, Roach  
  178  10:32  Roach x3  
  178  10:34  Roach  
  166  10:38  Roach x8  
  166  10:39  Roach  
  166  10:41  Roach  
  145  10:43  Roach x2  
  145  10:47  Queen  
  145  10:49  Roach x3  
  131  10:53  Drone x2, Queen  
  131  10:55  Spore Crawler x2  
  129  10:57  Spore Crawler  
  129  11:00  Spore Crawler  
  129  11:01  Drone  
  129  11:02  Roach x3  
  134  11:04  Drone x2  
  134  11:07  Roach  
  134  11:10  Roach  
  142  11:11  Roach  
  142  11:13  Roach  
  142  11:16  Ravager x2  
  146  11:20  Roach x3  
  152  11:29  Hydralisk x2  
  156  11:37  Hydralisk x3  
  161  11:46  Drone x2  
  162  11:47  Hydralisk  
  162  11:48  Hydralisk  
  162  11:49  Extractor  
  162  11:54  Hydralisk x2  
  169  12:02  Roach  
  169  12:03  Roach x3  
  169  12:09  Roach x2  
  169  12:12  Roach  
  169  12:13  Roach  
  137  12:16  Roach x2  
Tags
 
Add a new tag
Caveats
  • Supply blocks, unpowered buildings, or Contaminate may cause inaccurate times.
  • Supply counts are checked every 10 seconds.